 Dungeon Crawl Stone Soup version 0.25-a0-822-g6581751b11 (webtiles) character file.

Game seed: 12408827259560917494, levelgen mode: deterministic

36 Error4North the Skirmisher (level 3, 0/33 HPs)
             Began as a Hill Orc Fighter on Apr 20, 2020.
             Succumbed to a gnoll's poison
             ... on level 2 of the Dungeon.
             The game lasted 00:02:06 (1297 turns).

Error4North the Skirmisher (Hill Orc Fighter)       Turns: 1297, Time: 00:02:06

Health: 0/33       AC:  7    Str: 19    XL:     3   Next: 37%
Magic:  3/3        EV:  7    Int:  8    God:
Gold:   53         SH:  9    Dex: 10    Spells: 2/2 levels left

rFire    . . .     SeeInvis .   a - +0 war axe
rCold    . . .     Gourm    .   c - +0 kite shield
rNeg     . . .     Faith    .   b - +0 scale mail
rPois    .         Spirit   .   (no helmet)
rElec    .         Reflect  .   (no cloak)
rCorr    .         Harm     .   (no gloves)
MR       .....                  (no boots)
Stlth    ..........             (no amulet)
HPRegen  0.11/turn              (no ring)
MPRegen  0.08/turn              (no ring)

@: mighty, lethally poisoned (0 -> -11)
A: hooves 1, deterioration 1
a: no special abilities


You were on level 2 of the Dungeon.
You were not hungry.

You visited 1 branch of the dungeon, and saw 2 of its levels.

You collected 53 gold pieces.

Inventory:

Hand Weapons
 a - a +0 war axe (weapon)
Armour
 b - a +0 scale mail (worn)
 c - a +0 kite shield (worn)
Jewellery
 m - an uncursed ring of wizardry {unknown}
Scrolls
 e - 2 scrolls of teleportation {unknown}
 i - 2 scrolls of enchant armour {unknown}
 j - a scroll of magic mapping {unknown}
 k - a scroll of amnesia {unknown}
 l - 3 scrolls of identify {unknown}
 o - a scroll of remove curse {unknown}
Potions
 d - a potion of might
 n - a potion of curing {unknown}
Comestibles
 f - 2 rations
 h - 4 chunks of flesh


   Skills:
 * Level 3.9 Fighting
 + Level 3.2 Axes
 * Level 3.9 Armour
 * Level 3.7 Shields


You had 2 spell levels left.
You didn't know any spells.
Your spell library was empty.

Dungeon Overview and Level Annotations

Branches:
Dungeon (2/15)

Altars:


Innate Abilities, Weirdness & Mutations

You have large cloven feet.
Your body sometimes deteriorates upon taking damage.


Message History

You block the gnoll's attack. The gnoll hits you with a +0 club.
The gnoll barely misses you. x2
You barely miss the gnoll. You hit the gnoll.
You feel sick. The gnoll hits you with a +0 club.
The gnoll hits you with a cursed -3 club.
* * * LOW HITPOINT WARNING * * *
You block the gnoll's attack.
You feel very mighty all of a sudden.
* * * LOW HITPOINT WARNING * * *
You feel sick. You block the gnoll's attack.
The gnoll hits you but does no damage. The gnoll barely misses you.
You closely miss the gnoll. x2
* * * LOW HITPOINT WARNING * * *
You feel sick. The gnoll barely misses you. x2
The gnoll hits you from afar with a +2 halberd of venom.
* * * LOW HITPOINT WARNING * * *
You block the gnoll's attack.
It was a potion of mutation.
You feel extremely strange.
You feel yourself wasting away.
Your feet thicken and deform.
You die...

##### [.g#
##g##########.
#@g...........
##.###...#####
####.....##
#.......####
#...........
#.......###
##.....##
##)รทรท##
##.######


You could see 3 gnolls.

Vanquished Creatures
  An adder (D:2)
  A dart slug (D:1)
  A leopard gecko (D:1)
  A giant cockroach (D:1)
  3 goblins (D:1)
  4 hobgoblins
  4 kobolds (D:1)
  3 bats (D:1)
  6 rats
24 creatures vanquished.

Notes
Turn   | Place    | Note
-------+----------+-------------------------------------------
     0 | D:1      | Error4North the Hill Orc Fighter began the quest for the
                  | Orb.
     0 | D:1      | Reached XP level 1. HP: 19/19 MP: 1/1
   167 | D:1      | Reached XP level 2. HP: 27/27 MP: 2/2
  1256 | D:2      | Reached XP level 3. HP: 33/33 MP: 3/3
  1296 | D:2      | HP: 1/33 [gnoll/+2 halberd of venom (3)]
  1297 | D:2      | Gained mutation: Your body sometimes deteriorates upon
                  | taking damage. [potion of mutation]
  1297 | D:2      | Gained mutation: You have large cloven feet. [potion of
                  | mutation]
  1297 | D:2      | Succumbed to a gnoll's poison

Levels and vault maps discovered:
D:1:      lemuel_arrival_tunnels, layout_basic, hex_tiny
D:2:      layout_loops_ring, nicolae_gozag_cash_rules_everything_around_me,
          first_ration, minmay_pentomino_u4

Skill      XL: |  1  2 |
---------------+-------+-----
Axes           | 3 |  3.2
Fighting       | |  3.9
Armour         | |  3.9
Shields        | |  3.7

Action                   || total
-------------------------++-------
Melee: War axe           ||    80
  Use: Potion            ||     2
  Eat: Chunk             ||     1
Armor: Scale mail        ||    40
Dodge: Dodged            ||    29
Block: Kite shield       ||    55

Table legend:
 A = Non-vault XP
 B = Vault XP
 C = Vault XP percentage of total XP
 D = Non-vault monster count
 E = Vault monster count
 F = Vault count percentage of total count
                 A         B        C        D         E       F
            +---------+---------+-------+---------+---------+-------
      Total |      52 |       0 |   0.0 |      24 |       0 |   0.0
            +---------+---------+-------+---------+---------+-------
        D:1 |      33 |       0 |   0.0 |      19 |       0 |   0.0
        D:2 |      19 |       0 |   0.0 |       5 |       0 |   0.0
            +---------+---------+-------+---------+---------+-------
